 Seeded DCSS version 0.29.1-12-g30fa7ad0bf (webtiles) character file.

Game seed: 18334199546629406935 (custom seed)

6598 mathmaestro the Artisan of Death (level 10, 0/81 HPs)
             Began as a Demonspawn Necromancer on Dec 16, 2022.
             Was a Priest of Kikubaaqudgha.
             Slain by an eight-headed hydra (9 damage)
             ... on level 8 of the Dungeon on Dec 19, 2022.
             The game lasted 00:33:19 (10762 turns).

mathmaestro the Artisan of Death (DsNe)            Turns: 10762, Time: 00:33:22

Health: 0/81       AC:  8    Str: 14    XL:     10   Next: 71%
Magic:  16/20      EV: 14    Int: 20    God:    Kikubaaqudgha [***...]
Gold:   1124       SH:  0    Dex: 15    Spells: 2/22 levels left

rFire   . . .      SeeInvis .   q - +4 flail (protect)
rCold   . . .      Faith    .   (no shield)
rNeg    . . .      Spirit   .   z - +1 robe {Archmagi}
rPois   .          Reflect  .   (helmet restricted)
rElec   .          Harm     .   r - +0 cloak
rCorr   .          Rampage  .   n - +1 pair of gloves
Will    .....      Archmagi +   E - +0 pair of boots
Stlth   +++.......              (no amulet)
HPRegen 0.23/turn               j - +6 ring of strength
MPRegen 0.34/turn               p - ring of flight

@: flying
A: antennae 2, rugged brown scales 1, powered by death 2, magic regeneration
a: Renounce Religion, Unearth Wretches


You were on level 8 of the Dungeon.
You worshipped Kikubaaqudgha.
Kikubaaqudgha was most pleased with you.
You visited 2 branches of the dungeon, and saw 10 of its levels.
You also visited: Sewer and Bailey.

You collected 1124 gold pieces.

Inventory:

Hand Weapons
 h - a +4 whip
 q - a +4 flail of protection (weapon)
 G - a +1 hand axe of electrocution
 L - a +6 battleaxe
 O - a +3 hand axe
Missiles
 x - 4 javelins (quivered)
 H - 10 boomerangs
Armour
 e - a +0 leather armour
 f - a +0 ring mail
 n - a +1 pair of gloves (worn)
 r - a +0 cloak (worn)
 z - a +1 robe of the Archmagi (worn)
 C - a +0 troll leather armour
 E - a +0 pair of boots (worn)
Magical Staves
 N - a staff of earth
Jewellery
 j - a +6 ring of strength (left hand)
 p - a ring of flight (right hand)
 D - a ring of protection from cold
Scrolls
 l - 3 scrolls of immolation
 m - 5 scrolls of teleportation
 o - 3 scrolls of magic mapping
 s - 4 scrolls of fog
 y - a scroll of enchant weapon
 I - a scroll of fear
 K - a scroll of enchant armour
 M - a scroll of poison
 P - 2 scrolls of silence {unknown}
Potions
 a - 3 potions of mutation {unknown}
 b - a potion of magic
 c - 4 potions of curing
 d - 3 potions of attraction {unknown}
 g - 4 potions of might {unknown}
 i - 4 potions of haste
 k - a potion of flight {unknown}
 t - 4 potions of degeneration {unknown}
 u - 4 potions of heal wounds {unknown}
 v - 2 potions of cancellation {unknown}
 w - 3 potions of invisibility
 A - a potion of berserk rage {unknown}
 B - 3 potions of lignification {unknown}
 J - a potion of resistance {unknown}


   Skills:
 + Level 7.1 Fighting
 - Level 4.0 Armour
 - Level 5.0 Dodging
 - Level 5.0 Stealth
 + Level 6.8 Spellcasting
 + Level 5.4 Hexes
 + Level 9.1 Necromancy
 - Level 3.0 Translocations


You had 2 spell levels left.
You knew the following spells:

 Your Spells              Type           Power      Damage    Failure   Level
a - Necrotise             Necr           100%       1d9       1%          1
b - Vampiric Draining     Necr           60%        2d10      1%          3
c - Animate Dead          Necr           60%        N/A       2%          4
d - Sublimation of Blood  Necr           60%        N/A       1%          2
e - Anguish               Hex/Necr       26%        N/A       4%          4
f - Blink                 Tloc           56%        N/A       4%          2
g - Dispel Undead         Necr           60%        3d21      2%          4

Your spell library contained the following spells:

 Spells                   Type           Power      Damage    Failure   Level
 Slow                     Hex            100%       N/A       1%          1
 Confusing Touch          Hex            42%        N/A       3%          3
 Agony                    Necr           60%        N/A       6%          5
 Lesser Beckoning         Tloc           28%        N/A       9%          3
 Corpse Rot               Necr/Pois/Air  28%        N/A       26%         4
 Borgnjor's Vile Clutch   Necr/Erth      18%        N/A       38%         5
 Manifold Assault         Tloc           28%        N/A       61%         5
 Metabolic Englaciation   Hex/Ice        13%        N/A       65%         5
 Summon Mana Viper        Hex/Summ       26%        N/A       65%         5
 Petrify                  Tmut/Erth      10%        N/A       67%         4
 Summon Forest            Summ/Tloc      9%         N/A       82%         5
 Simulacrum               Ice/Necr       18%        N/A       92%         6
 Statue Form              Tmut/Erth      6%         N/A       100%        6
 Summon Cactus Giant      Summ           5%         N/A       100%        6


Dungeon Overview and Level Annotations

Branches:
Dungeon (9/15)             Temple (1/1) D:7           Sewer (visited)
 Bailey (visited)
   Lair: D:8-11         Orc: D:9-12

Altars:
Ashenzari
Cheibriados
Dithmenos
Fedhas
Gozag
Hepliaklqana
Kikubaaqudgha
Makhleb
Nemelex Xobeh
Okawaru
Qazlal
Ru
Sif Muna
Trog
Uskayaw
Vehumet
Wu Jian
Xom
Yredelemnul


Innate Abilities, Weirdness & Mutations

You have a pair of antennae on your head.
You are partially covered in rugged brown scales. (AC +1, +3% HP)
You regenerate health from kills.
You regenerate magic rapidly.


Message History

Found three items.
There is a stone staircase leading up here.
A two-headed ogre comes into view. It is wielding two +0 giant clubs.
You see here a scroll labelled ONAOSU OTANOCEM.
P - 2 scrolls labelled ONAOSU OTANOCEM (gained 1)
The eight-headed hydra roars!
You hear an angry hiss.
The two-headed ogre barely misses you.
The two-headed ogre hits you with a +0 giant club!
A water moccasin comes into view.
There is a stone staircase leading up here.
The eight-headed hydra bites you!
The eight-headed hydra closely misses you.
The eight-headed hydra misses you. The eight-headed hydra bites you.
The eight-headed hydra barely misses you.
The eight-headed hydra bites you! The eight-headed hydra bites you.
The eight-headed hydra completely misses you.
You fly upwards.
There is a stone staircase leading down here.
Casting: Vampiric Draining (safe; 1% risk of failure)
Confirm with . or Enter, or press ? or * to list all spells.
Casting: Anguish (dangerous; 4% risk of failure)
Press: ? - help, Dir - look around, f - activate You feel a surge of power!
The eight-headed hydra resists with some effort.
The eight-headed hydra bites you.
The eight-headed hydra barely misses you.
The eight-headed hydra bites you! x2
The eight-headed hydra closely misses you.
The eight-headed hydra bites you. The eight-headed hydra bites you!
* * * LOW HITPOINT WARNING * * *
The eight-headed hydra bites you.
* * * LOW HITPOINT WARNING * * *
Unknown command.
As you read the scroll labelled UDUHAH OFUA, it crumbles to dust.
You hear a loud clanging noise!
It was a scroll of noise.
The eight-headed hydra bites you but does no damage.
The eight-headed hydra bites you!
You die...
Kikubaaqudgha rasps: "You have failed me!
Welcome... death!"

####### #..Z..#
##################.###.#
#######....................#.#
#..ZZ{Z......###.......#.#.#.#
#.#####Z##.....#..........Z.Z#
#.# ###Z##.#.#.#....<...##.######
#Z# #....#..................ZZZZZ
#Z# #.#..#.#.#.#@..^...........##
#.# #>#..#.....#.D......##..##.#
#Z# #.#....#.#.........###..##.##
#Z# #.##...#.#.#####.### #<.##.##
#.# #.##...#.#.# #.#####..##...
#.# #.##...#...#####...)....#####
#Z# #.##...#...##......##..).####
#Z###.##...#...##......##..#.))..
#.{....................##....####


You could see an eight-headed hydra.

Vanquished Creatures
  A manticore (D:9)
  2 trolls
  Sigmund (D:6)
  2 wyverns
  The ghost of GigaChad the Shield-Bearer, an amateur MiFi of Trog (D:4)
  A steam dragon (D:8)
  3 water moccasins (D:7)
  3 orc warriors (Bailey)
  An ice beast (D:6)
  A sky beast (D:7)
  2 ogres
  A black bear (D:5)
  2 centaurs
  A phantom (D:5)
  2 kobold brigands
  5 bullfrogs
  A necrophage (D:8)
  A gnoll sergeant (D:7)
  A scorpion (D:7)
  4 wights (D:8)
  9 killer bees
  A jelly (D:4)
  2 hounds (D:5)
  2 orc priests
  An iguana (D:6)
  10 orc wizards
  13 gnolls
  A river rat (Sewer)
  9 adders
  2 shadow imps (D:6)
  2 white imps (D:6)
  4 ufetubi
  2 worms
  2 dart slugs
  39 orcs
  9 endoplasms
  2 giant cockroaches
  7 goblins
  5 hobgoblins
  3 quokkas
  18 ball pythons
  4 bats
  A frilled lizard (Sewer)
  19 kobolds
  20 rats
223 creatures vanquished.

Vanquished Creatures (collateral kills)
  A yak (D:9)
  An orc warrior (Bailey)
  A kobold brigand (D:9)
  A gnoll (D:5)
  2 adders (Sewer)
  An orc zombie (D:7)
  An orc (D:8)
  2 kobolds
  2 ball pythons (Sewer)
  A frilled lizard (Sewer)
  8 rats
21 creatures vanquished.

Vanquished Creatures (others)
  An orc warlord (Bailey)
  A troll (D:9)
  A hornet (D:9)
  A gnoll sergeant (D:9)
  A troll zombie (D:9)
  2 orc wizards (D:9)
  3 killer bee zombies (D:8)
  A gnoll (D:9)
  A gnoll zombie (D:9)
  An adder zombie (Sewer)
  2 ball python zombies (Sewer)
  2 goblin zombies (Bailey)
  2 hobgoblin zombies (Bailey)
  5 kobold zombies
  15 orc zombies
  A rat zombie (Sewer)
  2 demonic plants (D:6)
42 creatures vanquished.

Grand Total: 286 creatures vanquished

Notes
Turn   | Place    | Note
-------+----------+-------------------------------------------
     0 | D:1      | mathmaestro the Demonspawn Necromancer began the quest for
                  | the Orb.
     0 | D:1      | Reached XP level 1. HP: 13/13 MP: 3/3
   350 | D:1      | Gained mutation: You are partially covered in rugged brown
                  | scales. (AC +1, +3% HP) [demonic ancestry]
   350 | D:1      | Reached XP level 2. HP: 12/20 MP: 5/5
  1278 | D:2      | Reached skill level 1 in Fighting
  1472 | D:2      | Reached skill level 1 in Armour
  1472 | D:2      | Reached XP level 3. HP: 26/26 MP: 0/6
  2009 | D:2      | Learned a level 3 spell: Vampiric Draining
  2087 | D:2      | Gained mutation: You have a pair of small antennae on your
                  | head. [demonic ancestry]
  2087 | D:2      | Reached XP level 4. HP: 32/32 MP: 7/7
  2235 | D:2      | Learned a level 4 spell: Animate Dead
  2300 | D:3      | Found a glowing drain.
  2320 | Sewer    | Entered a sewer
  2484 | Sewer    | Reached skill level 5 in Necromancy
  2649 | Sewer    | Reached XP level 5. HP: 31/39 MP: 5/9
  2690 | Sewer    | Gained mutation: You regenerate magic rapidly. [demonic
                  | ancestry]
  2690 | Sewer    | Reached XP level 6. HP: 23/47 MP: 0/10
  2944 | D:3      | Found a faded altar of an unknown god.
  3836 | D:4      | Found a runed translucent door.
  3906 | D:4      | Noticed GigaChad's ghost (amateur MiFi)
  3937 | D:4      | Killed GigaChad's ghost
  3938 | D:4      | Reached skill level 6 in Necromancy
  3938 | D:4      | Gained mutation: You regenerate a little health from kills.
                  | [demonic ancestry]
  3938 | D:4      | Reached XP level 7. HP: 22/53 MP: 12/12
  4277 | D:4      | Found an ancient bone altar of Kikubaaqudgha.
  4288 | D:4      | Became a worshipper of Kikubaaqudgha
  4960 | D:5      | Entered Level 5 of the Dungeon
  5556 | D:5      | Noticed a troll
  5719 | D:5      | Reached * piety under Kikubaaqudgha
  5719 | D:5      | Received a gift from Kikubaaqudgha
  5884 | D:5      | Killed a troll
  5885 | D:5      | Reached XP level 8. HP: 38/62 MP: 1/14
  6186 | D:5      | Learned a level 2 spell: Sublimation of Blood
  6191 | D:5      | Learned a level 4 spell: Anguish
  6297 | D:6      | Reached skill level 1 in Hexes
  6393 | D:6      | Noticed Sigmund
  6403 | D:5      | Reached skill level 7 in Necromancy
  6538 | D:6      | Reached skill level 5 in Spellcasting
  6631 | D:6      | Killed Sigmund
  6632 | D:6      | Reached skill level 5 in Fighting
  6950 | D:6      | Learned a level 2 spell: Blink
  6984 | D:7      | Reached ** piety under Kikubaaqudgha
  7022 | D:7      | Gained mutation: You regenerate health from kills. [demonic
                  | ancestry]
  7022 | D:7      | Reached XP level 9. HP: 52/70 MP: 10/16
  7026 | D:7      | Found a flagged portal.
  7251 | Bailey   | Entered a bailey
  7273 | Bailey   | Noticed an orc warlord
  7357 | Bailey   | Reached skill level 1 in Translocations
  7409 | Bailey   | Found a runed translucent gate.
  7418 | Bailey   | Found a runed translucent gate.
  7420 | Bailey   | Found a runed translucent gate.
  7605 | Bailey   | Killed an orc warlord
  7606 | Bailey   | Reached skill level 8 in Necromancy
  7924 | Bailey   | Acquired 558 gold pieces
  8031 | D:7      | Found a staircase to the Ecumenical Temple.
  8380 | D:7      | Found a stormy altar of Qazlal.
  8483 | D:7      | Gained mutation: You have a pair of antennae on your head.
                  | [demonic ancestry]
  8483 | D:7      | Reached XP level 10. HP: 69/78 MP: 19/19
  8676 | Temple   | Entered the Ecumenical Temple
  9069 | D:8      | Reached *** piety under Kikubaaqudgha
  9069 | D:8      | Received a gift from Kikubaaqudgha
  9228 | D:8      | You are sucked into a shaft and drop 1 floor!
  9329 | D:7      | Learned a level 4 spell: Dispel Undead
  9425 | D:8      | Reached skill level 5 in Stealth
 10213 | D:9      | Reached skill level 5 in Dodging
 10217 | D:9      | Reached skill level 5 in Hexes
 10231 | D:9      | Reached skill level 9 in Necromancy
 10237 | D:9      | Noticed a manticore
 10663 | D:9      | Killed a manticore
 10664 | D:9      | Noticed an eight-headed hydra
 10749 | D:9      | Noticed a two-headed ogre
 10762 | D:8      | Slain by an eight-headed hydra

Illustrated notes

Levels and vault maps discovered:
D:1:      shiori_shiawase, layout_loops_ring, st_stairs_7
D:2:      layout_basic, minmay_large_rounded_square
D:3:      layout_basic, portal_sewer_entry_a, hellmonk_ecumenical_altar_blasted
D:4:      layout_loops_corners, kiku_gazebo_garden_becter, ebering_ghost_sewer_d
D:5:      layout_basic
D:6:      layout_cave_pools, serial_demonic, serial_demonic_b, serial_demonic_c,
          serial_demonic_d, serial_demonic_g, uniq_sigmund
D:7:      layout_basic, lemuel_coloured_pillars_altar,
          minmay_temple_entry_mini_moons, enter_bailey_2
D:8:      layout_loops_ring
D:9:      minmay_the_grid_triangle_9x9_recursive_2_mashed
          [minmay_the_grid_triangle_9x9_prize_top_heavy,
          minmay_the_grid_triangle_9x9_limited_checkers,
          minmay_the_grid_triangle_9x9_corruption,
          minmay_the_grid_triangle_9x9_dagger], layout_cave_pools,
          zombieorc1_lemuel, minmay_protected_statue
Temple:   nicolae_temple_slightly_damp_pantheon

Skill      XL: |  1  2  3  4  5  6  7  8  9 10 |
---------------+-------------------------------+-----
Dodging        | 2 3 4 5 |  5.0
Stealth        | 2 3 4 5 |  5.0
Fighting       | 1 2 3 4 5 6 7 |  7.1
Armour         | 1 2 3 4 |  4.0
Necromancy     | 5 6 7 8 9 |  9.1
Spellcasting   | 3 4 5 6 |  6.8
Hexes          | 2 4 5 |  5.4
Translocations | 2 3 |  3.0

Action                   |  1- 3 |  4- 6 |  7- 9 | 10-12 || total
-------------------------+-------+-------+-------+-------++-------
Melee: Whip              |    14 |       |       |       ||    14
       Flail             |     5 |    81 |   225 |    97 ||   408
       Punch             |       |     1 |     1 |       ||     2
Throw: Javelin           |       |       |     3 |       ||     3
 Cast: Necrotise         |    51 |    32 |   101 |     4 ||   188
       Animate Dead      |       |     2 |     3 |     5 ||    10
       Vampiric Draining |       |     2 |    38 |    36 ||    76
       Anguish           |       |       |     2 |     6 ||     8
       Dispel Undead     |       |       |       |     6 ||     6
       Sublimation of Bl |       |       |       |     2 ||     2
  Use: Scroll            |       |    10 |     5 |     1 ||    16
 Stab: Sleeping          |       |     1 |     3 |       ||     4
       Distracted        |       |       |     1 |       ||     1
Armor: Robe              |     4 |       |   116 |   123 ||   243
       Ring mail         |     6 |     6 |       |       ||    12
       Leather armour    |       |    54 |    52 |       ||   106
Dodge: Dodged            |    31 |    82 |   254 |   187 ||   554
